 Dungeon Crawl Stone Soup version 0.32-a0-643-ga006e7742e (webtiles) character file.

Game seed: 16912639616794117188

21779 Pooter the Cleaver (level 12, -1/110 HPs)
             Began as a Minotaur Berserker on Mar 7, 2024.
             Was a Priest of Trog.
             Slain by an orc warrior
             ... wielding a +0 halberd
              (24 damage)
             ... on level 2 of the Orcish Mines on Mar 8, 2024.
             The game lasted 01:10:03 (13662 turns).

Pooter the Cleaver (Minotaur Berserker)            Turns: 13662, Time: 01:10:04

Health: -1/110     AC: 14    Str: 25    XL:     12   Next: 57%
Magic:  11/11      EV:  7    Int:  8    God:    Trog [***...]
Gold:   2017       SH: 15    Dex: 14    Spells: 11/11 levels left

rFire   + . .        a - +1 war axe (vamp)
rCold   . . .        E - +0 tower shield
rNeg    . . .        O - +3 chain mail {rF+}
rPois   +            K - +1 hat
rElec   .            (no cloak)
rCorr   +            p - +1 pair of gloves
SInv    +            (no boots)
Will    .....        (no amulet)
Stlth   +            S - ring of see invisible
HPRegen 0.38/turn    v - ring of Unyoxzeocw {rPois rCorr Int+4}
MPRegen 0.12/turn

%: no passive effects
@: mighty, on berserk cooldown, slowed, very slow
A: horns 2, retaliatory headbutt, thin skeletal structure 1
a: Renounce Religion, Berserk, Trog's Hand


You were on level 2 of the Orcish Mines.
You worshipped Trog.
Trog was most pleased with you.
You visited 2 branches of the dungeon, and saw 12 of its levels.
You also visited: Volcano.

You collected 2327 gold pieces.
You spent 310 gold pieces at shops.

Inventory:

Hand Weapons
 a - a +1 vampiric war axe (weapon)
   (You took it off an orc on level 1 of the Orcish Mines)
 b - a +1 sling of freezing
   (You found it on level 3 of the Dungeon)
 i - a +2 war axe
   (You took it off an orc on level 6 of the Dungeon)
 x - a +3 scimitar of flaming
   (You took it off an efreet in a volcano)
 y - a +0 morningstar
   (You found it on level 3 of the Dungeon)
 R - a +3 battleaxe
   (You took it off a wight on level 8 of the Dungeon)
Missiles
 o - 3 curare-tipped darts (quivered)
 r - 10 boomerangs
 t - 34 poisoned darts
 Q - 105 stones
Armour
 p - a +1 pair of gloves (worn)
   (You found it on level 8 of the Dungeon)
 C - the +4 ring mail "Tokicog" {rN+ Str+3 Stlth+}
   (You took it off a wight on level 6 of the Dungeon)

   Str+3:     It affects your strength (+3).
   rN+:       It protects you from negative energy.
   Stlth+:    It makes you more stealthy.
 E - a +0 tower shield (worn)
   (You found it on level 7 of the Dungeon)
 K - a +1 hat (worn)
   (You took it off Gastronok on level 9 of the Dungeon)
 M - a +0 plate armour
   (You took it off an orc warrior on level 1 of the Orcish Mines)
 O - a +3 chain mail of fire resistance (worn)
   (You found it in a volcano)
Jewellery
 d - a ring of fire
   (You found it on level 8 of the Dungeon)
 h - a +6 ring of dexterity
   (You found it on level 1 of the Dungeon)
 n - a ring of willpower
   (You found it on level 8 of the Dungeon)
 v - the ring of Unyoxzeocw (right hand) {rPois rCorr Int+4}
   (You found it on level 5 of the Dungeon)

   [ring of resist corrosion]

   Int+4:     It affects your intelligence (+4).
   rPois:     It protects you from poison.
   rCorr:     It protects you from acid and corrosion.
 F - a ring of flight
   (You took it off a gnoll on level 7 of the Dungeon)
 N - a ring of positive energy
   (You bought it in a shop on level 3 of the Dungeon)
 S - a ring of see invisible (left hand)
   (You found it on level 8 of the Dungeon)
Wands
 f - a wand of flame (1)
   (You took it off a crimson imp on level 5 of the Dungeon)
 u - a wand of paralysis (7)
   (You found it on level 10 of the Dungeon)
 D - a wand of digging (10)
   (You bought it in a shop on level 3 of the Dungeon)
 I - a wand of warping (3)
   (You found it on level 6 of the Dungeon)
 J - a wand of polymorph (7)
   (You found it on level 8 of the Dungeon)
Scrolls
 k - a scroll of noise {!r}
 l - 2 scrolls of fog
 s - a scroll of enchant armour
 A - a scroll of revelation
 L - a scroll of immolation {!r}
 P - a scroll of vulnerability {!r}
Potions
 c - 3 potions of curing {@q1}
 e - 2 potions of heal wounds {unknown}
 g - 3 potions of enlightenment
 j - 3 potions of ambrosia
 q - a potion of cancellation {unknown}
 w - 3 potions of might
 z - a potion of attraction {!q}
 B - a potion of degeneration {unknown}
 G - 2 potions of mutation {!q}
 H - 2 potions of magic {unknown}


   Skills:
 + Level 11.1 Fighting
 * Level 14.9 Axes
 * Level 12.3 Ranged Weapons
 - Level 2.4 Armour
 - Level 2.1 Dodging
 - Level 3.0 Stealth
 + Level 8.3 Shields
 + Level 5.2 Evocations


You had 11 spell levels left.
You didn't know any spells.
Your spell library was empty.

Dungeon Overview and Level Annotations

Branches:
Dungeon (10/15) Zot: 25755  Temple (0/1) D:6            Lair (0/5) D:9
    Orc (2/2) D:9 Zot: 10030     Elf (0/3) Orc:2       Volcano (visited)

Altars:
Cheibriados
Kikubaaqudgha
Makhleb
Nemelex Xobeh
Sif Muna
Trog
Vehumet
Xom
The Shining One

Shops:
D:1 (   D:3 *   D:6 :


Innate Abilities, Weirdness & Mutations

You have a pair of horns on your head.
You reflexively headbutt those who attack you in melee.
You have a somewhat thin skeletal structure. (Dex +2, Stealth+)


Message History

You headbutt the orc knight, but do no damage.
You slash the orc warrior!
You feel better.
The orc warrior hits you but does no damage.
The orc knight hits you with a +0 great mace.
* * * LOW HITPOINT WARNING * * *
You slash the orc knight!
You feel better.
You barely miss the orc warrior.
You feel the effects of Trog's Hand fading.
The orc warrior hits you with a +0 battleaxe!
* * * LOW HITPOINT WARNING * * *
The orc knight hits you with a +0 great mace!
* * * LOW HITPOINT WARNING * * *
You completely miss the orc knight. You hit the orc warrior.
You feel better.
You kill the orc warrior!
Trog accepts your kill. You block the orc knight's attack.
You block the orc warrior's attack.
The orc knight roars a battlecry!
The orc warrior goes into a battle-frenzy!
You hear a shout!
Unknown command.
You slash the orc knight! You headbutt the orc knight!
You kill the orc knight!
Trog accepts your kill.
You hit the orc warrior.
You feel better.
You hear a shout!
You block the orc warrior's attack.
You hear a shout! x3
You hit the orc warrior.
You feel better.
You headbutt the orc warrior. You block the orc warrior's attack.
You barely miss the orc warrior. You barely miss the orc.
You block the orc's attack.
The orc warrior hits you with a +0 halberd.
* * * LOW HITPOINT WARNING * * *
You slash the orc warrior! You slash the orc!
You kill the orc!
Trog accepts your kill.
Your skin stops crawling.
You feel less strong-willed. The orc warrior barely misses you.
The orc high priest completely misses you.
You block the orc warrior's attack.
You closely miss the orc high priest.
You hit the orc warrior but do no damage.
You block the orc high priest's attack. The orc warrior barely misses you.
Unknown command.
You completely miss the orc high priest.
You closely miss the orc warrior. You block the orc high priest's attack.
The orc warrior hits you with a +0 halberd.
* * * LOW HITPOINT WARNING * * *
You block the orc high priest's attack.
The orc warrior hits you with a +0 halberd!!
You die...

...#....#.....##........
.......)).....#.......#.
.#.#....................
#..<#..................<
#..####.################
... ##..# #. #...# ##.)#
#.o@# ##o## ######)#
##.#.#)o# #.....3o#
##.#.o.o# #.......#
##.#....# ####....o


You could see an orc high priest and an orc warrior (strong).

Vanquished Creatures
  Rupert (Orc:2)
  Gastronok (D:9)
  A stone giant (Volcano)
  A two-headed ogre (D:8)
  2 orc high priests (Orc:2)
  An orb spider (Orc:2)
  Pikel (D:9)
  3 orc knights
  3 orc sorcerers
  2 gargoyles
  2 molten gargoyles (Volcano)
  A komodo dragon (D:9)
  A yaktaur (Orc:2)
  An efreet (Volcano)
  A kobold demonologist (D:7)
  2 trolls
  2 hornets
  A shadow (D:10)
  2 fire elementals (Volcano)
  15 yaks
  A fire bat (Volcano)
  A steam dragon (D:8)
  4 wargs
  2 water moccasins
  18 orc warriors
  4 black bears
  A centaur (D:10)
  5 ogres
  2 phantoms
  6 kobold brigands
  5 bullfrogs
  3 gnoll sergeants
  An earth elemental (Volcano)
  5 scorpions
  13 wights
  9 howler monkeys
  5 bombardier beetles
  A crimson imp (D:5)
  A lava snake (Volcano)
  4 hounds
  8 orc priests
  A gnoll bouda (D:6)
  3 jellies
  A sleepcap (D:6)
  Natasha (D:2)
  6 iguanas
  24 orc wizards
  6 adders
  15 gnolls
  2 shadow imps (D:6)
  2 white imps (D:5)
  2 ufetubi (D:7)
  An adder zombie (D:2)
  2 adder skeletons (D:2)
  5 dart slugs
  A ribbon worm (D:3)
  54 orcs
  5 endoplasms
  5 giant cockroaches
  9 goblins
  16 hobgoblins
  7 quokkas
  8 ball pythons
  A ball python skeleton (D:2)
  7 bats
  7 frilled lizards
  28 kobolds
  2 quokka zombies (D:2)
  4 rats (D:1)
368 creatures vanquished.

Notes
Turn   | Place    | Note
-------+----------+-------------------------------------------
     0 | D:1      | Pooter the Minotaur Berserker began the quest for the Orb.
     0 | D:1      | Reached XP level 1. HP: 19/19 MP: 0/0
    42 | D:1      | Reached skill level 4 in Axes
    45 | D:1      | Reached XP level 2. HP: 27/27 MP: 1/1
   436 | D:1      | Reached ** piety under Trog
   438 | D:1      | Reached XP level 3. HP: 26/33 MP: 2/2
   474 | D:1      | You fall into a shaft and drop 1 floor!
   958 | D:1      | Found Foeluvva's Antique Weapon Shop.
  1120 | D:2      | Reached skill level 5 in Axes
  1374 | D:2      | Reached XP level 4. HP: 41/41 MP: 3/3
  1463 | D:2      | Noticed Natasha
  1472 | D:2      | Killed Natasha
  1527 | D:2      | Identified the +7 dagger of the Common Good {pain, Will+
                  | Dex+3}
  1844 | D:3      | Reached *** piety under Trog
  1968 | D:3      | Reached skill level 5 in Fighting
  2010 | D:3      | Noticed a scorpion
  2013 | D:3      | Killed a scorpion
  2014 | D:3      | Reached skill level 6 in Axes
  2014 | D:3      | Reached XP level 5. HP: 48/48 MP: 4/4
  2356 | D:3      | Reached XP level 6. HP: 56/56 MP: 5/5
  2416 | D:3      | Found a snail-covered altar of Cheibriados.
  2479 | D:3      | Found Nyud's Assorted Antiques.
  2485 | D:3      | Bought a bronze wand for 124 gold pieces
  2506 | D:3      | Reached skill level 7 in Axes
  2741 | D:3      | Found a glowing golden altar of the Shining One.
  2911 | D:4      | Reached skill level 1 in Ranged Weapons
  3020 | D:3      | Bought a scroll labelled YSKYSO MYORREF for 31 gold pieces
  3079 | D:4      | Gained mutation: You occasionally lose the ability to drink
                  | potions when taking damage. [potion of mutation]
  3079 | D:4      | Gained mutation: You are covered in fur. (AC +1) [potion of
                  | mutation]
  3079 | D:4      | Gained mutation: Your spells are a little easier to cast,
                  | but a little less powerful. [potion of mutation]
  3080 | D:4      | Lost mutation: Your spells are a little easier to cast, but
                  | a little less powerful. [potion of mutation]
  3080 | D:4      | Lost mutation: You are covered in fur. (AC +1) [potion of
                  | mutation]
  3080 | D:4      | Gained mutation: Your spells are a little harder to cast,
                  | but a little more powerful. [potion of mutation]
  3080 | D:4      | Gained mutation: You do not regenerate when monsters are
                  | visible. [potion of mutation]
  3080 | D:4      | Gained mutation: You have sharp toenails. [potion of
                  | mutation]
  3081 | D:4      | Lost mutation: You do not regenerate when monsters are
                  | visible. [potion of mutation]
  3081 | D:4      | Lost mutation: Your spells are a little harder to cast, but
                  | a little more powerful. [potion of mutation]
  3081 | D:4      | Lost mutation: You have sharp toenails. [potion of
                  | mutation]
  3081 | D:4      | Gained mutation: You have an increased reservoir of magic.
                  | (+10% MP) [potion of mutation]
  3081 | D:4      | Gained mutation: You are frail. (-10% HP) [potion of
                  | mutation]
  3081 | D:4      | Lost mutation: You have an increased reservoir of magic.
                  | (+10% MP) [potion of mutation]
  3082 | D:4      | Lost mutation: You occasionally lose the ability to drink
                  | potions when taking damage. [potion of mutation]
  3082 | D:4      | Lost mutation: You are frail. (-10% HP) [potion of
                  | mutation]
  3082 | D:4      | Gained mutation: You have a somewhat thin skeletal
                  | structure. (Dex +2, Stealth+) [potion of mutation]
  3413 | D:4      | Reached XP level 7. HP: 44/63 MP: 6/6
  3472 | D:4      | Reached **** piety under Trog
  3687 | D:4      | Reached skill level 1 in Stealth
  4283 | D:5      | Entered Level 5 of the Dungeon
  4288 | D:5      | Reached skill level 8 in Axes
  4651 | D:5      | Identified the ring of Unyoxzeocw {rPois rCorr Int+4}
  4745 | D:5      | Found a burning altar of Makhleb.
  4745 | D:5      | Found a radiant altar of Vehumet.
  5329 | D:6      | Found a staircase to the Ecumenical Temple.
  5338 | D:5      | Reached XP level 8. HP: 71/71 MP: 7/7
  5567 | D:6      | Reached skill level 9 in Axes
  5572 | D:6      | Reached skill level 5 in Ranged Weapons
  5860 | D:6      | Identified the +4 ring mail "Tokicog" {rN+ Str+3 Stlth+}
  6046 | D:6      | Found a sparkling altar of Nemelex Xobeh.
  6293 | D:6      | Found Xuegehio's Book Shop.
  6475 | D:7      | Noticed a kobold demonologist
  6476 | D:7      | Reached skill level 10 in Axes
  6476 | D:7      | Reached skill level 1 in Shields
  6476 | D:7      | Reached XP level 9. HP: 79/79 MP: 8/8
  6483 | D:7      | Killed a kobold demonologist
  6724 | D:7      | Found a shimmering altar of Xom.
  6787 | D:6      | Found a bloodstained altar of Trog.
  6963 | D:3      | Bought a runed ivory ring for 155 gold pieces
  7368 | D:8      | Identified a scroll of acquirement
  7368 | D:8      | Acquired 1058 gold pieces
  7399 | D:8      | Reached skill level 11 in Axes
  7712 | D:8      | Reached XP level 10. HP: 78/90 MP: 9/9
  8681 | D:9      | Reached skill level 1 in Evocations
  8800 | D:9      | Reached skill level 12 in Axes
  9102 | D:9      | Noticed Gastronok
  9114 | D:9      | Killed Gastronok
  9115 | D:9      | Reached skill level 5 in Shields
  9139 | D:9      | Noticed a two-headed ogre
  9185 | D:8      | Killed a two-headed ogre
  9444 | D:9      | Noticed Pikel
  9450 | D:9      | Killed Pikel
  9451 | D:9      | Reached skill level 10 in Ranged Weapons
  9451 | D:9      | Reached XP level 11. HP: 97/97 MP: 10/10
  9465 | D:9      | Found a staircase to the Lair.
  9478 | D:9      | Found a staircase to the Orcish Mines.
  9621 | D:9      | Found an ancient bone altar of Kikubaaqudgha.
  9945 | D:9      | Found a shimmering blue altar of Sif Muna.
  9973 | D:10     | Entered Level 10 of the Dungeon
  9975 | D:10     | Reached skill level 13 in Axes
 10086 | D:10     | Found a transporter.
 10311 | D:10     | Found a transporter.
 10359 | D:10     | Found a transporter.
 10481 | D:10     | Found a transporter.
 10939 | Orc:1    | Entered Level 1 of the Orcish Mines
 10968 | Orc:1    | Reached skill level 10 in Fighting
 11066 | Orc:1    | Found a dark tunnel.
 11083 | Volcano  | Entered a volcano
 11172 | Volcano  | Found a bloodstained altar of Trog.
 11412 | Volcano  | Noticed a stone giant
 11419 | Volcano  | Killed a stone giant
 11997 | Orc:1    | Noticed an orc knight
 12017 | Orc:1    | Killed an orc knight
 12018 | Orc:1    | Reached skill level 14 in Axes
 12337 | Orc:1    | Noticed an orc sorcerer
 12345 | Orc:1    | Noticed a soul eater
 12347 | Orc:1    | Killed an orc sorcerer
 12803 | Orc:2    | Entered Level 2 of the Orcish Mines
 12826 | Orc:1    | Reached XP level 12. HP: 107/107 MP: 11/11
 13029 | Orc:2    | Found a staircase to the Elven Halls.
 13295 | Orc:2    | Identified the maw talisman of Resonance {Int+2 Stlth+}
 13295 | Orc:2    | Noticed Rupert
 13311 | Orc:2    | Killed Rupert
 13564 | Orc:2    | Noticed an orc high priest
 13580 | Orc:2    | Killed an orc high priest
 13604 | Orc:2    | Noticed an orc high priest
 13608 | Orc:2    | Reached skill level 5 in Evocations
 13617 | Orc:2    | Killed an orc high priest
 13644 | Orc:2    | Noticed an orc high priest
 13662 | Orc:2    | Slain by an orc warrior

Illustrated notes

Levels and vault maps discovered:
D:1:      co_arrival_square_in_a_square_in_a_square, layout_loops_cross,
          serial_shops, shop, st_stairs_3
D:2:      layout_basic, serial_co_window_serial, co_window_paths_b,
          co_window_paths_a, co_window_of_opportunity_a, co_window_corner_a,
          co_window_cross_1, co_window_corner_b, co_window_unsneaky_path_a,
          co_window_corner_b, co_window_4corner_b, co_window_paths_d,
          glass_columns_c, dilly_guarded_unrand_morg, uniq_natasha
D:3:      minmay_general_purpose_star, layout_basic, tso_oasis_becter,
          slow_altar_1, serial_shops, nicolae_shop_competitors_out_of_business,
          serial_bayou, serial_bayou_shore_b, serial_bayou_lake_a,
          serial_bayou_pond_e, serial_bayou_pond_a, hangedman_glass_teeth
D:4:      layout_loops_ring, palyth_stone_intersect, minmay_pentomino_pile
D:5:      layout_cave_pods, grunt_temple_overflow_lords_of_destruction
D:6:      layout_rooms, nemelex_diamond_rough_becter,
          nicolae_overflow_hidden_temple, minmay_temple_entry_drinking_statues,
          serial_shops, nicolae_book_shop_shelving
D:7:      layout_rooms, mainiacjoe_overflow_tiny_flanked
D:8:      layout_basic, serial_rivers, chequers_serial_rivers_marsh,
          chequers_serial_rivers_small_b, chequers_serial_rivers_large_a,
          chequers_serial_rivers_small_3
D:9:      layout_cave_pools, mainiacjoe_overflow_chevrons, led_sif_pool,
          due_lair_maze_entry_diamond, orc_0_dummy, minivault_16,
          nicolae_fountain_basement, uniq_gastronok, uniq_pikel
D:10:     layout_roguey, nicolae_transporter_circle
Orc:1:    layout_diamond_mine, nicolae_volcano_entry_s_turn,
          nicolae_orc_crystal_seam, small_statue_alley_c, guppyfry_library_mini
Orc:2:    st_orc_congregation, layout_caves, uniq_rupert

Skill      XL: |  1  2  3  4  5  6  7  8  9 10 11 12 |
---------------+-------------------------------------+-----
Axes           | 4 5 6 7 8 10 11 12 14 | 14.9
Fighting       | 4 5 6 7 8 9 10 11 | 11.1
Ranged Weapons | 2 4 6 8 10 11 12 | 12.3
Stealth        | 1 3 |  3.0
Shields        | 1 3 5 7 8 |  8.3
Evocations     | 2 4 5 |  5.2
Armour         | |  2.4
Dodging        | |  2.1

Action                     |  1- 3 |  4- 6 |  7- 9 | 10-12 || total
---------------------------+-------+-------+-------+-------++-------
  Melee: Hand axe          |   104 |    78 |       |       ||   182
         Headbutt          |    12 |    16 |    21 |   110 ||   159
         Morningstar       |       |    27 |    80 |       ||   107
         War axe           |       |       |    93 |   395 ||   488
   Fire: Sling             |       |    38 |   106 |    86 ||   230
  Throw: Dart              |       |       |     6 |     9 ||    15
 Invoke: Trog's Hand       |       |     1 |     7 |    21 ||    29
         Berserk           |       |       |     7 |    16 ||    23
  Evoke: Wand              |       |       |     3 |     6 ||     9
    Use: Potion            |       |     4 |       |     2 ||     6
         Scroll            |       |     2 |    10 |     8 ||    20
   Stab: Sleeping          |       |       |     2 |     2 ||     4
 Armour: Animal skin       |     5 |       |       |       ||     5
         Ring mail         |    61 |    69 |    87 |   107 ||   324
         Chain mail        |       |       |    55 |   125 ||   180
         Plate armour      |       |       |       |     6 ||     6
  Dodge: Dodged            |    58 |    57 |    82 |    72 ||   269
  Block: Buckler           |       |       |    16 |       ||    16
         Tower shield      |       |       |   114 |   304 ||   418

Table legend: (Time is in decaauts)
 A = Elapsed time spent in this place.
 B = Non-inter-level travel time spent in this place.
 C = Inter-level travel time spent in this place.
 D = Time resting spent in this place.
 E = Time spent auto-exploring this place.
 F = Levels seen in this place.
 G = Mean time per level.
                   A        B        C        D        E       F      G
               +--------+--------+--------+--------+--------+-----+--------+
         Total |  14018 |  13267 |    751 |   3673 |   6745 |  13 | 1078.3 |
       Dungeon |  11472 |  10775 |    697 |   2712 |   6070 |  10 | 1147.2 |
  Orcish Mines |   1968 |   1914 |     54 |    634 |    638 |   2 |  984.0 |
       Volcano |    577 |    577 |      0 |    326 |     37 |   1 |  577.0 |
               +--------+--------+--------+--------+--------+-----+--------+

Top non-repeatable levels by time:
     D:9: 1739 daAuts
     D:4: 1413 daAuts
   Orc:1: 1339 daAuts
     D:8: 1319 daAuts
     D:3: 1313 daAuts
     D:5: 1215 daAuts
     D:2: 987 daAuts
     D:6: 981 daAuts
    D:10: 934 daAuts
     D:7: 793 daAuts
     D:1: 774 daAuts
   Orc:2: 628 daAuts
 Volcano: 577 daAuts
